 Dungeon Crawl Stone Soup version 0.31.0-11-ge490571c62 (webtiles) character file.

Game seed: 13984618161220936473

80 bearlyready the Ruffian (level 4, -3/28 HPs)
             Began as an Octopode Shapeshifter on Feb 7, 2024.
             Slain by a hobgoblin (7 damage)
             ... on level 3 of the Dungeon.
             The game lasted 00:02:58 (2150 turns).

bearlyready the Ruffian (Octopode Shapeshifter)     Turns: 2150, Time: 00:02:58

Health: -3/28      AC:  1    Str: 12 (15) XL:     4   Next: 39%
Magic:  4/4        EV: 13    Int: 11 (12) God:
Gold:   113        SH:  0    Dex:  9 (11) Spells: 3/3 levels left

rFire   + .          .
                       - Unarmed
rCold   + + .        (no shield)
rNeg    . . .        (helmet currently unavailable)
rPois   +            (no amulet)
rElec   +            k - ring of protection from cold
rCorr   +            (no ring)
SInv    .            (no ring)
Will    .....        (no ring)
Stlth   ++           (no ring)
HPRegen 0.24/turn    (no ring)
MPRegen 0.09/turn    (no ring)
                     (no ring)

%: no passive effects
@: beast-form, resistant
A: beast (slay +2), almost no armour, amphibious, 8 rings, camouflage 1,
gelatinous body 1, (nimble swimmer 1), tentacles
a: Begin Untransformation


You were on level 3 of the Dungeon.
You were a hulking beast.
You visited 1 branch of the dungeon, and saw 3 of its levels.

You collected 113 gold pieces.

Inventory:

Hand Weapons
 a - a +2 dagger of speed
Missiles
 i - 4 poisoned darts (quivered)
 n - 22 stones
 q - a throwing net
Jewellery
 k - a ring of protection from cold (left tentacle)
Talismans
 b - a beast talisman
 c - a flux talisman
 j - a flux talisman
Scrolls
 f - a scroll of enchant armour {unknown}
 l - 2 scrolls of amnesia {unknown}
 o - 2 scrolls of immolation {unknown}
 p - a scroll of blinking {unknown}
 s - a scroll of summoning {unknown}
Potions
 d - a potion of curing {unknown}
 e - a potion of resistance
 g - a potion of magic {unknown}
 h - a potion of heal wounds {unknown}
 m - a potion of degeneration
 r - a potion of mutation {unknown}
 t - a potion of enlightenment {unknown}
 u - a potion of haste {unknown}


   Skills:
 - Level 1.0 Fighting
 - Level 2.0 Dodging
 + Level 4.1 Unarmed Combat
 + Level 4.0 Shapeshifting


You had 3 spell levels left.
You didn't know any spells.
Your spell library contained the following spells:

 Spells                   Type           Power      Damage    Failure   Level
 Dazzling Flash           Conj/Hex       0%         N/A       71%         3
 Volatile Blastmotes      Fire/Tloc      0%         2d10      71%         3
 Starburst                Conj/Fire      0%         6d3       100%        6
 Maxwell's Capacitive Co  Air            0%         ∞         100%        8


Dungeon Overview and Level Annotations

Branches:
Dungeon (3/15)

Altars:
Ashenzari
Fedhas

Annotations:
D:3 Robin


Innate Abilities, Weirdness & Mutations

You are a hulking beast.
Your limbs bulge with bestial killing power. (Slay +2)
You cannot wear most types of armour.
You are amphibious.
You can wear up to eight rings at the same time.
Your skin changes colour to match your surroundings (Stealth+).
Your rubbery body absorbs attacks. (AC +1, EV +1)
((You are camouflaged when in or above water. (Stealth+)))
You have tentacles for arms and can constrict up to eight enemies at once.


Message History

No target in view!
No target in view!
No target in view!
No target in view!
No target in view!
No target in view!
Robin is nearby!
Robin shouts!
A hobgoblin comes into view.
Robin roars a battlecry!
The hobgoblin goes into a battle-frenzy!
You hear a shout!
The hobgoblin shouts!
The hobgoblin hits you but does no damage.
The goblin shoots a sling bullet.
The sling bullet hits you.
You hear a shout!
You barely miss Robin. You grab Robin. You squeeze Robin.
Robin is moderately wounded.
You constrict Robin.
You hear a shout!
The hobgoblin barely misses you. Robin hits you with a +0 dagger.
The goblin shoots a sling bullet.
The sling bullet completely misses you.
You hear a shout!
You release your grip on Robin.
Robin throws the goblin at you!
The goblin unwields a +0 sling.
The goblin wields a +0 club.
The goblin barely misses you.
You barely miss the goblin. Your grab misses the goblin.
Your squeeze misses the goblin.
A hobgoblin breaks down the door.
The goblin hits you with a +0 club.
It was a potion of resistance.
You feel protected. The hobgoblin misses you.
The goblin hits you with a +0 club!
* * * LOW HITPOINT WARNING * * *
It was a potion of degeneration.
There was something very wrong with that liquid.
You feel weakened.
You feel dopey.
You feel clumsy. Robin hits you with a +0 dagger.
* * * LOW HITPOINT WARNING * * *
The hobgoblin hits you!
You die...

## ####### #............ #..
#.....# #............
+#..####.....#####............
.................'............
.............#####.....###....
........####..# ####### #....
........#####.# ..# #....
..........$.#g#...# ######....
.......####.#h'...#...........
###.... #.gg#...#...........
#.... ###.# ..#...........
######....g......##########.
..g#####.#....## #. .# #....#
#. ## ##.. #. #. #.
#.###.######)


You could see Robin, a hobgoblin (strong) and 2 goblins.

Vanquished Creatures
  An orc wizard (D:3)
  An adder (D:2)
  A ribbon worm (D:2)
  2 orcs (D:3)
  3 bats (D:1)
  4 endoplasms
  A giant cockroach (D:1)
  8 goblins
  5 hobgoblins
  2 kobolds
  6 quokkas
  4 ball pythons
  3 rats
41 creatures vanquished.

Notes
Turn   | Place    | Note
-------+----------+-------------------------------------------
     0 | D:1      | bearlyready the Octopode Shapeshifter began the quest for
                  | the Orb.
     0 | D:1      | Reached XP level 1. HP: 13/13 MP: 1/1
    77 | D:1      | Found a faded altar of an unknown god.
   254 | D:1      | Reached XP level 2. HP: 16/18 MP: 2/2
   761 | D:2      | Found a broken altar of Ashenzari.
   845 | D:2      | Reached XP level 3. HP: 13/23 MP: 3/3
  1805 | D:3      | Noticed Robin
  1875 | D:3      | Found a blossoming altar of Fedhas.
  1921 | D:3      | Reached XP level 4. HP: 12/28 MP: 4/4
  2150 | D:3      | Slain by a hobgoblin

Illustrated notes

Levels and vault maps discovered:
D:1:      roderic_crossed_star, layout_loops_ring,
          shapermc_ecumenical_altar_ellora, chequers_serial_rivers_micro_a
D:2:      layout_loops_corners, basic_altar, minmay_indecisive_spiral
D:3:      minmay_skewed_foursquare, layout_basic, fedhas_altar_3, uniq_robin

Skill      XL: |  1  2  3  4 |
---------------+-------------+-----
Unarmed Combat | 4 |  4.1
Shapeshifting  | 4 |  4.0
Fighting       | |  1.0
Dodging        | |  2.0

Action                     |  1- 3 |  4- 6 || total
---------------------------+-------+-------++-------
  Melee: Unarmed           |    67 |    18 ||    85
         Constrict         |    14 |     2 ||    16
         Tentacles         |    15 |     2 ||    17
         Punch             |     3 |       ||     3
  Throw: Dart              |       |     3 ||     3
    Use: Potion            |     1 |     2 ||     3
   Stab: Sleeping          |     9 |       ||     9
 Armour: Skin              |    29 |    40 ||    69
  Dodge: Dodged            |    31 |     7 ||    38
